 Dungeon Crawl Stone Soup version 0.30-a0-847-g17996783a1 (webtiles) character file.

Game seed: 3135266856331734716

405 avis the Shooter (level 6, -4/51 HPs)
             Began as a Demigod Hunter on Mar 3, 2023.
             Slain by a black bear (10 damage)
             ... on level 4 of the Dungeon.
             The game lasted 00:20:09 (3872 turns).

avis the Shooter (Demigod Hunter)                   Turns: 3872, Time: 00:20:09

Health: -4/51      AC:  0    Str: 12    XL:     6   Next: 30%
Magic:  8/9        EV: 13    Int: 11    God:
Gold:   245        SH:  0    Dex: 25    Spells: 3/6 levels left

rFire   . . .      SeeInvis .    b - +3 sling
rCold   . . .      Faith    .    (no shield)
rNeg    . . .      Spirit   .    c - +0 leather armour
rPois   .          Reflect  .    l - +0 helmet
rElec   .          Rampage  .    (no cloak)
rCorr   .                        (no gloves)
Will    .....                    (no boots)
Stlth   ++                       (no amulet)
HPRegen 0.28/turn                (no ring)
MPRegen 0.11/turn                (no ring)

@: corroded
A: high MP 1, forlorn, divine attributes
a: no special abilities


You were on level 4 of the Dungeon.
You visited 2 branches of the dungeon, and saw 5 of its levels.

You collected 245 gold pieces.

Inventory:

Hand Weapons
 a - a +2 dagger of pain
 b - a +3 sling (weapon)
 w - a +0 shortbow
Missiles
 v - a boomerang
Armour
 c - a +0 leather armour (worn)
 l - a +0 helmet (worn)
Wands
 h - a wand of digging (4)
 i - a wand of quicksilver (14)
Scrolls
 d - a scroll of amnesia {unknown}
 e - a scroll of identify
 f - a scroll of acquirement {unknown}
 s - a scroll of magic mapping {unknown}
 u - a scroll of teleportation {unknown}
Potions
 g - 4 potions of curing
 j - a potion of berserk rage {unknown}
 k - a potion of haste {unknown}
 m - a potion of mutation {unknown}
 n - a potion of flight {unknown}
 o - 2 potions of resistance {unknown}
 q - a potion of attraction {unknown}
 r - a potion of magic {unknown}


   Skills:
 - Level 3.0 Fighting
 - Level 6.0 Ranged Weapons
 - Level 3.0 Dodging
 - Level 2.0 Stealth
 * Level 0.7 Spellcasting


You had 3 spell levels left.
You knew the following spells:

 Your Spells              Type           Power      Damage    Failure   Level
a - Swiftness             Air            0%         N/A       77%         3

Your spell library contained the following spells:

 Spells                   Type           Power      Damage    Failure   Level
 Sandblast                Erth           0%         2d4       38%         1
 Ensorcelled Hibernation  Hex/Ice        0%         N/A       54%         2
 Passwall                 Tmut/Erth      0%         N/A       54%         2
 Ignite Poison            Fire/Tmut/Pois 0%         N/A       77%         3
 Kindle Blastsparks       Fire/Tloc/Air  0%         2d10      77%         3
 Stone Arrow              Conj/Erth      0%         3d7       77%         3
 Freezing Cloud           Conj/Ice/Air   0%         6-21      100%        5


Dungeon Overview and Level Annotations

Branches:
Dungeon (4/15)             Temple (1/1) D:4

Shops:
D:4 =

Annotations:
D:1 Deep water unexplored.
D:2 1 runed translucent door, exclusion: door, Crazy Yiuf


Innate Abilities, Weirdness & Mutations

You have an increased reservoir of magic. (+10% MP)
You shall have no god before yourself.
Your divine heritage dramatically boosts your attributes as you level up.


Message History

You shoot a sling bullet. The sling bullet hits the black bear!
The black bear is severely wounded.
The black bear goes berserk!
Fire: b) +3 sling
Press: ? - help, Q - select action, (/) - cycle Shift-Dir - straight line, f/p - black bear
Aim: a black bear (severely wounded, berserk, 75% to hit)
You shoot a sling bullet. The sling bullet hits the black bear!
The black bear is almost dead.
The black bear completely misses you. The black bear misses you.
The black bear claws you. The black bear bites you! The black bear claws you.
The black bear closely misses you.
Fire: b) +3 sling
Press: ? - help, Q - select action, (/) - cycle Shift-Dir - straight line, f/p - black bear
Aim: a black bear (almost dead, berserk, 75% to hit)
You shoot a sling bullet.
The sling bullet closely misses the black bear.
The black bear bites you. The black bear barely misses you.
The black bear claws you. The black bear bites you.
* * * LOW HITPOINT WARNING * * *
The black bear claws you.
* * * LOW HITPOINT WARNING * * *
The black bear closely misses you.
Fire: b) +3 sling
Press: ? - help, Q - select action, (/) - cycle Shift-Dir - straight line, f/p - black bear
Aim: a black bear (almost dead, berserk, 75% to hit)
You shoot a sling bullet.
The sling bullet hits the black bear but does no damage.
The black bear is almost dead.
The black bear misses you. The black bear claws you.
* * * LOW HITPOINT WARNING * * *
The black bear closely misses you.
Fire: b) +3 sling
Press: ? - help, Q - select action, (/) - cycle Shift-Dir - straight line, f/p - black bear
Aim: a black bear (almost dead, berserk, 75% to hit)
You shoot a sling bullet.
The sling bullet hits the black bear but does no damage.
The black bear is almost dead.
The black bear misses you. The black bear barely misses you.
The black bear closely misses you. The black bear bites you!
You die...

#.. .. #.# #.
#.....#...#.###
#.....###.#...# #.....#.
.....###### #......
#...##...#
.$.......+...##...#
...#....#...h....####
####'##....#.(.#@......#
#.....+....#...##......#
#.).(.#....#...##......####
#.....#....#...##......'..#
#..........#..##.......##.#
#...#....).##.##.##....##.#
#.÷.....##.##.##.##.#####.#
#.#<...)#.........#.#
#.#######
..#÷..#.............#
#........


You could see a black bear (berserk).

Vanquished Creatures
  A jelly (D:4)
  2 hounds
  2 iguanas (D:4)
  Natasha (twice) (D:2)
  Robin (D:2)
  9 gnolls
  2 adders
  A worm (D:2)
  A dart slug (D:1)
  5 orcs
  4 bats
  4 endoplasms
  2 giant cockroaches
  19 goblins
  14 hobgoblins
  4 kobolds
  3 quokkas
  6 ball pythons
  2 ball python skeletons (D:3)
  A ball python zombie (D:3)
  4 frilled lizards
  4 rats
93 creatures vanquished.

Vanquished Creatures (others)
  A fungus (D:3)
  A withered plant (D:3)
2 creatures vanquished.

Grand Total: 95 creatures vanquished

Notes
Turn   | Place    | Note
-------+----------+-------------------------------------------
     0 | D:1      | avis the Demigod Hunter began the quest for the Orb.
     0 | D:1      | Reached XP level 1. HP: 17/17 MP: 3/3
    90 | D:1      | Upgraded the game from 0.30-a0-845-g7c6808c8ce to
                  | 0.30-a0-847-g17996783a1
   300 | D:1      | Reached skill level 4 in Ranged Weapons
   304 | D:1      | Reached XP level 2. HP: 24/24 MP: 4/4
   349 | D:1      | Reached skill level 1 in Stealth
   744 | D:1      | Reached XP level 3. HP: 30/30 MP: 5/5
   911 | D:2      | Noticed Natasha
  1015 | D:2      | Noticed Robin
  1306 | D:2      | Killed Robin
  1427 | D:2      | Reached XP level 4. HP: 24/38 MP: 6/6
  1560 | D:2      | Killed Natasha
  1805 | D:2      | Noticed Natasha
  1815 | D:2      | Killed Natasha
  1816 | D:2      | Reached skill level 5 in Ranged Weapons
  1988 | D:2      | Reached XP level 5. HP: 45/45 MP: 7/7
  2307 | D:2      | Found a runed translucent door.
  2308 | D:2      | Noticed Crazy Yiuf
  3263 | D:3      | Reached skill level 6 in Ranged Weapons
  3366 | D:4      | Reached XP level 6. HP: 20/51 MP: 8/8
  3532 | D:4      | Found a staircase to the Ecumenical Temple.
  3568 | Temple   | Entered the Ecumenical Temple
  3628 | D:4      | Learned a level 3 spell: Swiftness
  3630 | D:4      | Found Ikumufedd's Jewellery Shop.
  3872 | D:4      | Slain by a black bear

Illustrated notes

Levels and vault maps discovered:
D:1:      lemuel_arrival_river_bridge, layout_loops_corners, wad_floor_pattern_1
D:2:      layout_rooms, uniq_robin, uniq_crazy_yiuf_cottage, uniq_natasha
D:3:      layout_basic, shapermc_ecumenical_altar_petra, serial_undead,
          serial_undead_c, serial_undead_c, serial_undead_a, serial_undead_a,
          kennysheep_generic_room_4
D:4:      layout_basic, minmay_temple_entry_large_hall, serial_shops, shop, shop
Temple:   nicolae_temple_bog_church

Skill      XL: |  1  2  3  4  5  6 |
---------------+-------------------+-----
Fighting       | 2 3 |  3.0
Ranged Weapons | 4 5 6 |  6.0
Dodging        | 2 3 |  3.0
Stealth        | 1 2 |  2.0
Spellcasting   | |  0.7

Action                     |  1- 3 |  4- 6 || total
---------------------------+-------+-------++-------
   Fire: Shortbow          |    67 |       ||    67
         Sling             |    30 |   172 ||   202
    Use: Scroll            |       |     3 ||     3
 Armour: Leather armour    |    16 |     8 ||    24
  Dodge: Dodged            |    63 |    71 ||   134

Table legend: (Time is in decaauts)
 A = Elapsed time spent in this place.
 B = Non-inter-level travel time spent in this place.
 C = Inter-level travel time spent in this place.
 D = Time resting spent in this place.
 E = Time spent auto-exploring this place.
 F = Levels seen in this place.
 G = Mean time per level.
                   A        B        C        D        E       F      G
               +--------+--------+--------+--------+--------+-----+--------+
         Total |   3951 |   3591 |    360 |   1068 |   1637 |   5 |  790.2 |
       Dungeon |   3940 |   3580 |    360 |   1068 |   1637 |   4 |  985.0 |
        Temple |     10 |     10 |      0 |      0 |      0 |   1 |   10.0 |
               +--------+--------+--------+--------+--------+-----+--------+

Top non-repeatable levels by time:
     D:1: 1568 daAuts
     D:3: 1018 daAuts
     D:2: 942 daAuts
     D:4: 410 daAuts
  Temple: 10 daAuts
